Map: Void Thrashing

Players

Arkman

  • Race: Terran Terran
  • Spawn Location: 6:00

NamroodTuo

  • Race: Zerg Zerg

VOD

Have the link to the VOD?

Description

Time

  • Played on: March 17, 2023, 2 p.m.
  • Length: 17:21
Show
View Real Time Build Order
Export as new Build Order

Arkman Terran 

Build Orders:  

Get SALT Encoding   

  12  0:04  SCV  
  13  0:21  SCV  
  14  0:35  Refinery  
  14  0:38  SCV  
  15  0:45  Refinery  
  15  0:55  SCV  
  16  1:12  SCV  
  17  1:29  SCV  
  18  1:31  Barracks  
  18  1:46  SCV  
  19  1:53  Ghost Visor  
  19  2:03  SCV  
  20  2:20  SCV  
  21  2:37  SCV  
  21  2:39  Factory  
  22  2:43  Caduceus Reactor  
  22  2:57  SCV  
  23  3:14  SCV  
  24  3:31  SCV  
  25  3:45  Starport  
  25  3:47  SCV  
  26  3:56  Factory Tech Lab  
  26  4:03  Command Center  
  26  4:04  SCV  
  27  4:35  Strike Goliath  
  33  4:48  Defensive Drone  
  33  4:59  Armory  
  33  5:08  SCV  
  34  5:25  SCV  
  34  5:29  Starport Tech Lab  
  35  5:42  SCV  
  36  5:53  Ares-Class Targeting System  
  36  5:59  SCV  
  37  6:03  Covert Triage  
  37  6:05  Armory  
  37  6:16  SCV  
  38  6:33  SCV  
  39  6:45  Jump Jet Assault  
  39  6:46  SCV  
  40  6:50  SCV  
  40  6:57  Raven Type-II  
  43  7:03  SCV, Refinery  
  43  7:07  SCV  
  43  7:08  Infernal Pre-Igniter  
  45  7:20  SCV  
  45  7:24  SCV  
  48  7:50  Refinery  
  47  8:10  Hellbat Rangers  
  51  8:21  Terran Vehicle and Ship Weapons Level 1  
  51  8:22  Terran Vehicle And Ship Armor Level 1  
  51  8:41  Strike Goliath  
  51  8:43  Defensive Drone  
  57  9:18  Covert Banshee  
  63  9:28  Enhanced Manufacturing  
  63  9:55  Griffin Airstrike  
  63  10:11  Railgun Turret  
  63  10:12  Advanced Cloaking Field  
  63  10:18  Defensive Drone  
  63  10:20  Defensive Drone  
  63  10:42  Rocket Barrage  
  63  10:46  Lockdown Missiles  
  63  11:24  Heavy Siege Tank  
  69  11:31  Graduating Range  
  69  11:39  Griffin Airstrike  
  69  11:48  Defensive Drone  
  69  11:57  Raven Type-II  
  71  12:18  Griffin Airstrike  
  71  12:22  Defensive Drone  
  69  12:45  Covert Banshee  
  75  12:53  Terran Vehicle and Ship Weapons Level 2  
  75  13:03  Defensive Drone  
  75  13:44  Terran Vehicle And Ship Armor Level 2  
  75  13:55  Griffin Airstrike  
  75  14:55  Heavy Siege Tank  
  81  15:05  Strike Goliath  
  87  15:31  Operational Efficiency  
  87  15:48  Griffin Airstrike  
  87  15:57  Raven Type-II  
  87  16:12  Defensive Drone  
  87  16:14  Defensive Drone  
  82  16:41  Griffin Airstrike  
  82  16:57  Tactical Airlift  
Show
View Real Time Build Order
Export as new Build Order

NamroodTuo Zerg 

Build Orders:  

Get SALT Encoding   

  12  0:13  Overlord  
  12  0:19  Infested SCV  
  13  0:26  Infested SCV  
  14  0:34  Infested SCV  
  15  0:51  Infested Barracks  
  15  0:56  Infested SCV  
  16  1:07  Infested SCV  
  16  1:09  Infested SCV  
  18  1:21  Overlord  
  18  1:38  Infested SCV  
  19  1:52  Infestation Level 1  
  19  1:55  Infested SCV  
  20  2:12  Infested Marine  
  20  2:13  Infested Marine x4  
  20  2:17  Infested SCV  
  26  2:25  Infested Refinery  
  26  2:28  Infested SCV  
  26  2:29  Infested Refinery  
  27  2:43  Infested Marine x2  
  27  2:46  Overlord  
  29  2:57  Infested SCV  
  30  3:13  Infested SCV  
  31  3:27  Infested Marine x2  
  31  3:28  Infested Marine x3  
  36  3:38  Infested Engineering Bay  
  36  3:48  Infested Command Center  
  31  4:14  Infestation Level 2  
  31  4:18  Infested SCV  
  31  4:19  Infested SCV  
  31  5:00  Regenerative Plating  
  31  5:07  Infested SCV x3  
  31  5:09  Overlord  
  29  5:11  Infested SCV  
  30  5:24  Infested SCV  
  30  5:27  Infested Barracks Tech Lab  
  31  5:59  Retinal Augmentation  
  31  6:00  Stukov Infantry Weapons Level 1  
  35  6:11  Infested SCV  
  35  6:13  Infested Bunker  
  35  6:14  Anaerobic Enhancement  
  35  6:16  Infested SCV  
  37  6:22  Infested SCV  
  38  6:32  Infested SCV  
  38  6:34  Overlord  
  38  6:37  Infested SCV  
  40  6:53  Infested Factory  
  44  7:32  Infested Missile Turret  
  44  7:34  Infested SCV x4  
  48  7:46  Infested Bunker  
  48  7:53  Overlord  
  48  8:08  Infested Armory  
  47  8:40  Stukov Infantry Armor Level 1  
  46  8:52  Infested Marine  
  46  8:53  Infested Marine x8  
  46  8:54  Infested Marine  
  46  8:59  Infested SCV x2  
  58  9:00  Infested SCV x2  
  58  9:07  Infested Barracks  
  60  9:11  Infested Barracks  
  60  9:13  Infested SCV  
  60  9:16  Aggressive Incubation  
  60  9:17  Infested Bunker  
  65  9:22  Infested SCV x3  
  65  9:23  Infested SCV x2  
  71  10:03  Infested SCV x3  
  71  10:06  Infested Bunker  
  74  10:10  Infested Refinery  
  74  10:13  Infested Missile Turret  
  75  10:38  Unknown  
  71  10:41  Infested Bunker  
  75  11:00  Infested Bunker  
  75  11:07  Overlord x4  
  75  11:08  Overlord x3  
  75  11:15  Infested Missile Turret  
  75  11:26  Infested Barracks  
  75  11:38  Infested Marine  
  75  11:39  Infested Marine x7  
  83  11:40  Infested Marine x11  
  94  11:56  Infested Marine x4  
  94  11:57  Infested Marine x13  
  94  11:59  Infested Marine  
  112  12:14  Infested Bunker  
  116  12:25  Infested SCV  
  116  12:26  Infested SCV  
  112  12:46  Infested Bunker  
  112  12:55  Infested Bunker  
  115  13:13  Infested Bunker  
  116  13:22  Overlord x3  
  111  13:32  Infested Marine  
  111  13:33  Infested Marine x7  
  111  13:34  Infested Marine x14  
  111  13:35  Infested Marine  
  120  14:21  Infested Bunker  
  120  14:22  Infested Bunker  
  120  14:34  Infested Bunker  
  117  14:45  Infested Marine  
  117  14:46  Infested Marine x17  
  117  14:47  Infested Marine x6  
  134  14:52  Calcified Armor  
  126  15:33  Infested Marine  
  126  15:34  Infested Marine x13  
  126  15:35  Infested Marine x20  
  156  15:48  Overlord x3  
  156  15:49  Overlord x2  
  147  16:20  Infested Marine x9  
  147  16:21  Infested Marine x16  
  157  16:32  Infested Bunker  
Tags
 
Commander
NovaStukov
Matchup
Co-op
Replay Pack
Multiplayer
Add a new tag
Caveats
  • Supply blocks, unpowered buildings, or Contaminate may cause inaccurate times.
  • Supply counts are checked every 10 seconds.